 Dungeon Crawl Stone Soup version 0.21.1-1-g345015fe64 (webtiles) character file.

24 Ivernyr the Bolt Thrower (level 2, 9/25 HPs)
             Began as a Deep Dwarf Arcane Marksman on May 31, 2018.
             Quit the game on level 1 of the Dungeon.
             The game lasted 00:02:13 (334 turns).

Ivernyr the Bolt Thrower (DDAM)                      Turns: 334, Time: 00:02:13

Health: 9/25       AC:  1    Str: 13    XL:     2   Next: 79%
Magic:  3/3        EV: 12    Int: 13    God:
Gold:   9          SH:  0    Dex: 13    Spells: 2/3 levels left

rFire    . . .     SeeInvis .   b - +0 club
rCold    . . .     Gourm    .   (no shield)
rNeg     . . .     Faith    .   e - -2 leather armour (curse)
rPois    .         Spirit   .   (no helmet)
rElec    .         Reflect  .   (no cloak)
rCorr    .         Harm     .   (no gloves)
MR       .....                  (no boots)
Stlth    +.........             (no amulet)
HPRegen  0.00/turn              (no ring)
MPRegen  0.08/turn              (no ring)

@: non-regenerating
A: damage resistance, heal wounds, sense surroundings 1, no regeneration
a: Heal Wounds


You were on level 1 of the Dungeon.
You were not hungry.

You visited 1 branch of the dungeon, and saw 1 of its levels.

You collected 9 gold pieces.

Inventory:

Hand Weapons
 a - a +0 hand crossbow
 b - a +0 club (weapon)
Missiles
 d - 19 bolts
Armour
 e - a cursed -2 leather armour (worn)
Scrolls
 h - a scroll of identify {unknown}
Potions
 g - a potion of curing {unknown}
Books
 c - a book of Debilitation

   Spells                             Type                      Level
   a - Corona                         Hexes                        1
   b - Slow                           Hexes                        2
   c - Inner Flame                    Hexes/Fire                   3
   d - Portal Projectile              Hexes/Translocation          3
   e - Cause Fear                     Hexes                        4
   f - Leda's Liquefaction            Hexes/Earth                  4
Comestibles
 f - 2 rations


   Skills:
 + Level 1.4 Fighting
 * Level 3.0 Crossbows
 + Level 1.2 Armour
 - Level 2.1 Dodging
 - Level 1.0 Spellcasting
 - Level 2.4 Hexes


You had 2 spell levels left.
You knew the following spells:

 Your Spells              Type           Power        Failure   Level  Hunger
a - Corona                Hex            #......      13%         1    ##.....


Dungeon Overview and Level Annotations

Branches:
Dungeon (1/15)

Altars:


Innate Abilities, Weirdness & Mutations

You are resistant to damage.
You can heal yourself by infusing magical energy.
You passively map a small area around you.
You do not regenerate.


Message History

h - a scroll labeled UHESTI BE ETHO You see here a club.
Found a glowing leather armour.
You see here a glowing leather armour.
You see here a glowing leather armour.
A dart slug comes into view.
A dart slug is nearby!
You see here a glowing leather armour.
Drop what? 8/52 slots (_ for help) (? for menu, Esc to quit)
You start removing your armour.
You continue taking off your +0 robe. x4
You finish taking off your +0 robe.
You drop a +0 robe.
e - a glowing leather armour Wield which item (- for none, * to show all)? (? for menu, Esc to quit)
Okay, then.
Wear which item? (? for menu, Esc to quit)
You start putting on your armour.
You continue putting on your glowing leather armour. x4
You finish putting on your cursed -2 leather armour.
Oops, that feels deathly cold.
Are you sure you want to abandon this character and quit the game? (Confirm with "yes".)

.##..#.#...........##########*
.##........#######.#
.##.##.###.# #.# .......# #.#
#.# ###.#### #.# #.# ###)###
#.# #.# #.....# #.# #.#
).....# #.#######.# ......#
#......@..# ......#
#####.##### #.....# #...#
....### #.### (##.# #.# .#..#
#.# ...#########.#
...##.....##.# ........#.##.#


There were no monsters in sight!

Vanquished Creatures
  A gnoll (D:1)
  A bat (D:1)
  A goblin (D:1)
  4 hobgoblins (D:1)
  A jackal (D:1)
  3 kobolds (D:1)
11 creatures vanquished.

Notes
Turn   | Place    | Note
-------+----------+-------------------------------------------
     0 | D:1      | Ivernyr the Deep Dwarf Arcane Marksman began the quest for the Orb.
     0 | D:1      | Reached XP level 1. HP: 16/16 MP: 2/2
    23 | D:1      | Reached skill level 1 in Fighting
    23 | D:1      | Reached XP level 2. HP: 25/25 MP: 3/3
   123 | D:1      | Reached skill level 1 in Armour
   159 | D:1      | Reached skill level 3 in Crossbows
   334 | D:1      | Quit the game

Skill      XL: |  1  2 |
---------------+-------+-----
Fighting       | 1 |  1.4
Armour         | 1 |  1.2
Crossbows      | 3 |  3.0
Dodging        | |  2.1
Spellcasting   | |  1.0
Hexes          | |  2.4

Action                   || total
-------------------------++-------
Melee: Club              ||    71
 Fire: Hand crossbow     ||     3
Armor: Robe              ||    18
Dodge: Dodged            ||    75
